 Dungeon Crawl Stone Soup version 0.31-a0-986-g5e6e4ef867 (webtiles) character file.

Game seed: 2974012388901791928

165 mandarbmax the Sneak (level 5, -1/27 HPs)
             Began as a Vine Stalker Brigand on Nov 8, 2023.
             Slain by a sky beast (5 damage)
             ... on level 4 of the Dungeon.
             The game lasted 00:08:20 (2090 turns).

mandarbmax the Sneak (Vine Stalker Brigand)         Turns: 2090, Time: 00:08:22

Health: -1/27      AC:  3    Str: 12 (13) XL:     5   Next: 46%
Magic:  0/6        EV: 12    Int:  8 (11) God:
Gold:   143        SH:  0    Dex: 15 (18) Spells: 4/4 levels left

rFire   . . .        a - +2 dagger
rCold   . . .        (no shield)
rNeg    + . .        b - +0 robe
rPois   .            (no helmet)
rElec   .            c - +0 cloak
rCorr   .            (no gloves)
SInv    .            (no boots)
Will    +....        (no amulet)
Stlth   ++           o - ring of positive energy
HPRegen 1.04/turn    r - ring of willpower
MPRegen 0.10/turn

%: guardian spirit
@: silenced, studying Transmutations
A: fangs 2, regeneration 1, magic shield, antimagic bite, no potion heal 2
a: no special abilities


You were on level 4 of the Dungeon.
You visited 1 branch of the dungeon, and saw 4 of its levels.

You collected 143 gold pieces.

Inventory:

Hand Weapons
 a - a +2 dagger (weapon)
Missiles
 d - 14 poisoned darts (quivered)
 e - 3 curare-tipped darts
 i - 5 javelins
Armour
 b - a +0 robe (worn)
 c - a +0 cloak (worn)
Jewellery
 o - a ring of positive energy (left hand)
 r - a ring of willpower (right hand)
Talismans
 m - a beast talisman
Scrolls
 f - a scroll of noise {unknown}
 g - a scroll of poison {unknown}
 h - a scroll of acquirement
 j - a scroll of identify {unknown}
 l - a scroll of amnesia {unknown}
 q - a scroll of teleportation {unknown}
 t - a scroll of vulnerability {unknown}
Potions
 n - a potion of brilliance {unknown}
 p - a potion of degeneration
 s - a potion of heal wounds {unknown}


   Skills:
 + Level 2.7 Fighting
 * Level 3.7 Short Blades
 - Level 1.7 Throwing
 + Level 2.1 Dodging
 - Level 5.0 Stealth


You had 4 spell levels left.
You didn't know any spells.
Your spell library contained the following spells:

 Spells                   Type           Power      Damage    Failure   Level
 Sting                    Tmut/Pois      0%         1d3       41%         1
 Brom's Barrelling Bould  Conj/Erth      0%         2d3       99%         4
 Borgnjor's Vile Clutch   Necr/Erth      0%         N/A       100%        5
 Shatter                  Erth           0%         3d5*      100%        9


Dungeon Overview and Level Annotations

Branches:
Dungeon (4/15)
 Temple: D:4-7

Altars:
Cheibriados
Wu Jian


Innate Abilities, Weirdness & Mutations

You have extremely sharp teeth.
Your natural rate of healing is unusually fast.
When hurt, damage is shared between your health and your magic reserves.
Your bite disrupts and absorbs the magic of your enemies.
Potions cannot restore your health.


Message History

Something hits you but does no damage.
Okay, then.
Okay, then.
You hit something. Something hits you. Something shocks you.
This is a scroll of acquirement!
You see here a manual of Transmutations.
Something appears at your feet! Something hits you but does no damage.
Okay, then.
Okay, then.
As you read the scroll labelled SESER WAITA, it crumbles to dust.
A profound silence engulfs you.
It was a scroll of silence.
A sky beast appears from thin air!
Reactivating autopickup.
The sky beast completely misses you.
You hit the sky beast.
The sky beast is lightly wounded.
You closely miss the sky beast. Your bite misses the sky beast.
The sky beast is lightly wounded.
The sky beast flickers out of sight!
Deactivating autopickup; reactivate with Ctrl-A.
Something hits you but does no damage.
Magic scrolls do not work when you're silenced!
Okay, then.
You pick up a manual of Transmutations and begin studying.
Something hits you. Something shocks you.
* * * LOW HITPOINT WARNING * * *
Okay, then.
You closely miss something. Your bite misses something.
Something completely misses you.
You closely miss something. Something hits you.
* * * LOW HITPOINT WARNING * * *
Something shocks you.
* * * LOW HITPOINT WARNING * * *
It was a potion of degeneration.
There was something very wrong with that liquid.
You feel weakened.
You feel dopey.
You feel clumsy. Something hits you.
* * * LOW HITPOINT WARNING * * *
Something shocks you.
You die...

#. #. #. #. #.
#.#####...
.........
##.....# ##
#..#####...##
#..'.@{.._...
#..#####...##
#......# ##
.....
#.####....
..... #)#
##########....
#.#
#...........#
#.#
#...........###
#.#
#..............
#.#
#.)............


There were no monsters in sight!

Vanquished Creatures
  8 adders
  3 dart slugs
  2 orcs (D:3)
  9 bats
  10 endoplasms
  2 giant cockroaches
  5 hobgoblins
  8 jackals
  2 quokkas
  7 ball pythons
  4 frilled lizards
  8 goblins
  2 kobolds
  14 rats
84 creatures vanquished.

Notes
Turn   | Place    | Note
-------+----------+-------------------------------------------
     0 | D:1      | mandarbmax the Vine Stalker Brigand began the quest for the
                  | Orb.
     0 | D:1      | Reached XP level 1. HP: 11/11 MP: 2/2
    86 | D:1      | Reached skill level 1 in Dodging
    86 | D:1      | Reached XP level 2. HP: 15/15 MP: 3/3
    90 | D:1      | Reached skill level 5 in Stealth
   747 | D:2      | Reached XP level 3. HP: 18/18 MP: 4/4
   873 | D:2      | Reached XP level 4. HP: 23/23 MP: 5/5
   967 | D:2      | Found a faded altar of an unknown god.
  1216 | D:3      | Identified the "Xalec"
  1260 | D:3      | Reached XP level 5. HP: 27/27 MP: 6/6
  1441 | D:3      | Found an ornate altar of the Wu Jian Council.
  2066 | D:4      | Found a snail-covered altar of Cheibriados.
  2068 | D:4      | Noticed a sky beast
  2083 | D:4      | Identified 2 scrolls of acquirement
  2083 | D:4      | Acquired a manual of Transmutations
  2090 | D:4      | Slain by a sky beast

Illustrated notes

Levels and vault maps discovered:
D:1:      scummos_arrival_simple_crosswalls, layout_basic, serial_aquarium,
          aquarium_bridge_island_small [aquarium_subvault_small_open,
          aquarium_subvault_bridge, aquarium_subvault_bridge,
          aquarium_subvault_balcony, aquarium_subvault_wall],
          aquarium_window_fake, aquarium_window_fake, aquarium_window_1,
          aquarium_view_2d, aquarium_view_2a
D:2:      layout_rooms, hellmonk_ecumenical_altar_run_dry,
          minmay_rat_gold_closets
D:3:      layout_basic, mainiacjoe_overflow_24_doors
D:4:      layout_basic, nicolae_ru_the_path_less_chosen, general_overflow_altar,
          mainiacjoe_overflow_surrounded_room,
          nicolae_shop_i_like_small_books_too, grunt_decor_cap

Skill      XL: |  1  2  3  4 |
---------------+-------------+-----
Short Blades   | 2 3 |  3.7
Dodging        | 1 2 |  2.1
Stealth        | 5 |  5.0
Fighting       | 2 |  2.7
Throwing       | |  1.7

Action                     |  1- 3 |  4- 6 || total
---------------------------+-------+-------++-------
  Melee: Dagger            |    72 |   129 ||   201
         Bite              |    20 |    26 ||    46
         Punch             |     1 |       ||     1
    Use: Scroll            |       |     2 ||     2
         Potion            |       |     1 ||     1
   Stab: Sleeping          |    11 |    13 ||    24
         Distracted        |       |     1 ||     1
 Armour: Robe              |    33 |    62 ||    95
  Dodge: Dodged            |    33 |    66 ||    99

Table legend: (Time is in decaauts)
 A = Elapsed time spent in this place.
 B = Non-inter-level travel time spent in this place.
 C = Inter-level travel time spent in this place.
 D = Time resting spent in this place.
 E = Time spent auto-exploring this place.
 F = Levels seen in this place.
 G = Mean time per level.
                   A        B        C        D        E       F      G
               +--------+--------+--------+--------+--------+-----+--------+
         Total |   2058 |   1984 |     74 |      0 |   1485 |   4 |  514.5 |
       Dungeon |   2058 |   1984 |     74 |      0 |   1485 |   4 |  514.5 |
               +--------+--------+--------+--------+--------+-----+--------+

Top non-repeatable levels by time:
     D:3: 808 daAuts
     D:1: 737 daAuts
     D:2: 461 daAuts
     D:4: 51 daAuts
